 Dungeon Sprint DCSS version 0.18-a0-1147-g8e8348b (webtiles) character file.

11 nuthulu the Shooter (level 2, 0/22 HPs)
             Began as a High Elf Hunter on Jan 22, 2016.
             Was a Follower of Cheibriados.
             Shot with an arrow of frost by a deep elf archer (3 damage)
             ... summoned by a worldbinder
             ... in the Dungeon (Sprint V: "Ziggurat Sprint").
             The game lasted 00:01:57 (147 turns).

nuthulu the Shooter (High Elf Hunter)                Turns: 147, Time: 00:01:57

Health: 0/22       AC: 23    Str: 13    XL:     2   Next: 13%
Magic:  3/3        EV:  0    Int: 16    God:    Cheibriados [*.....]
Gold:   0          SH:  0    Dex: 17    Spells: 0 memorised, 1 level left

rFire  + . .     SeeInvis .     L - +5 triple sword (protect)
rCold  + . .     Gourm    .     M - +5 gold dragon armour
rNeg   . . .     Faith    .     (shield currently unavailable)
rPois  +         Spirit   .     (no helmet)
rElec  .         Dismiss  .     (no cloak)
rCorr  .         Reflect  .     (no gloves)
SustAt .         Harm     .     (no boots)
MR     .....     NoTele   +     (no amulet)
Stlth  ..........               (no ring)
                                (no ring)

@: very slow, not resistant to hostile enchantments, extremely unstealthy
A: no striking features
a: Bend Time, Renounce Religion


You were in the Dungeon.
You worshipped Cheibriados.
Cheibriados was aware of your devotion.
You were not hungry.

You visited 1 branch

Inventory:

Hand Weapons
 a - a +1 shortbow
 b - a +0 short sword
 K - the +7 longbow "Piercer" {penet, EV-2}
   (You found it in the Dungeon)

   Ammo fired by it will pass through the targets it hits, potentially hitting
   all targets in its path until it reaches maximum range.
   It affects your evasion (-2).
 L - a +5 triple sword of protection (weapon)
Missiles
 d - 1018 arrows
Armour
 c - a +0 leather armour
 M - a +5 gold dragon armour (worn)
Jewellery
 E - a +6 ring of dexterity
 F - a +6 ring of dexterity
 G - a +6 ring of intelligence
 H - a +6 ring of intelligence
 I - a +6 ring of strength
 J - a +6 ring of strength
Wands
 y - a wand of disintegration (7/24)
 B - a wand of fire (5/15)
 C - a wand of cold (5/15)
 D - a wand of draining (5/15)
Scrolls
 k - 4 scrolls of blinking
 r - 4 scrolls of amnesia
 s - 3 scrolls of recharging
 t - 7 scrolls of fog
 u - a scroll of holy word
 v - 5 scrolls of identify
 w - 5 scrolls of remove curse
 x - 2 scrolls of fear
Potions
 e - 10 potions of curing
 g - 10 potions of heal wounds
 h - 6 potions of haste
 i - 7 potions of magic
 j - 3 potions of berserk rage
 l - 2 potions of brilliance
 m - 2 potions of invisibility
 n - 4 potions of resistance
 p - 5 potions of agility
 q - 5 potions of might
Comestibles
 f - 5 bread rations
 z - 42 fruits
 A - 4 meat rations


   Skills:
 + Level 3.7 Fighting
 + Level 3.8 Long Blades
 + Level 7.0 Bows
 + Level 2.7 Armour
 + Level 4.1 Dodging
 - Level 1.1 Stealth


You had one spell level left.
You didn't know any spells.

Dungeon Overview and Level Annotations

Branches:
Dungeon (1/1)

Altars:
Ashenzari
Cheibriados
Dithmenos
Elyvilon
Fedhas
Gozag
Kikubaaqudgha
Makhleb
Nemelex Xobeh
Okawaru
Pakellas
Qazlal
Ru
Sif Muna
Trog
Vehumet
Xom
Yredelemnul
Zin
The Shining One
Beogh
Jiyva
Lugonu


Message History

Your surroundings seem different!
Welcome to arena 2.
A crimson imp, an iron imp and a worldbinder come into view.
The crimson imp shouts!
The worldbinder calls forth creatures from the Elven Halls!
The crimson imp picks up 2 potions of haste.
The iron imp picks up a +2 scimitar of slicing.
The iron imp wields a +2 scimitar of slicing.
The crimson imp blinks!
Found the +4 Vampire's Tooth {vamp}.
Unknown command.
The worldbinder calls forth creatures from the Elven Halls!
The crimson imp drinks a potion.
The crimson imp seems to speed up.
The deep elf archer unwields an uncursed dagger.
The deep elf archer wields a shortbow.
The deep elf archer shoots an arrow of frost.
The arrow of frost hits you!!
Ouch! That really hurt!
* * * LOW HITPOINT WARNING * * *
The arrow of frost freezes you.
You die...

▓▓▓▓▓▓▓▓▓▓▓▓▓
▓.8©8.▓.8©8.▓
▓..)..▓.....▓
▓e5...▓.|...▓
▓e.xe.▓.....▓
▓.....▓...†.▓
▓...@.▓.....▓
▓....5▓▓▓▓▓▓▓
▓▓▓▓▓▓▓


You could see a deep elf archer, 2 deep elf magi, a worldbinder, an iron imp and
a crimson imp.

Vanquished Creatures
  2 ball pythons (D)
2 creatures vanquished.

Vanquished Creatures (others)
  An acid blob (D)
  An azure jelly (D)
2 creatures vanquished.

Grand Total: 4 creatures vanquished

Notes
Turn   | Place    | Note
--------------------------------------------------------------
     0 | D        | nuthulu the High Elf Hunter began the quest for the Orb.
     0 | D        | Reached XP level 1. HP: 14/14 MP: 2/2
     0 | D        | Found a roughly hewn altar of Beogh.
     0 | D        | Found a viscous altar of Jiyva.
     0 | D        | Found a corrupted altar of Lugonu.
     0 | D        | Found a white marble altar of Elyvilon.
     0 | D        | Found a sparkling altar of Nemelex Xobeh.
     0 | D        | Found a burning altar of Makhleb.
     0 | D        | Found an iron altar of Okawaru.
     0 | D        | Found a deep blue altar of Sif Muna.
     0 | D        | Found a radiant altar of Vehumet.
     0 | D        | Found a bloodstained altar of Trog.
     0 | D        | Found a shimmering altar of Xom.
    71 | D        | Killed an azure jelly
    72 | D        | Reached skill level 6 in Bows
    72 | D        | Reached XP level 2. HP: 18/22 MP: 3/3
   123 | D        | Became a worshipper of Cheibriados the Contemplative
   133 | D        | Entered arena 1.
   134 | D        | Killed an acid blob
   138 | D        | Reached * piety under Cheibriados
   138 | D        | Reached skill level 7 in Bows
   146 | D        | Entered arena 2.
   146 | D        | Noticed a worldbinder
   146 | D        | Noticed a crimson imp
   147 | D        | Noticed a deep elf archer
   147 | D        | Shot with an arrow of frost by a deep elf archer

Vault maps used:
D:        sprint_v

Action                   || total
-------------------------++-------
Melee: Triple sword      ||     2
 Fire: Longbow           ||     2
  Use: Potion            ||     1
       Scroll            ||     1
